 Dungeon Crawl Stone Soup version 0.26-a0-712-ga5a9c9c9d0 (webtiles) character file.

Game seed: 6390379920226371876

639 kae the Spear-Bearer (level 7, -2/56 HPs)
             Began as a Merfolk Gladiator on Nov 12, 2020.
             Was an Initiate of Makhleb.
             Slain by an ogre
             ... wielding a +0 giant club
              (20 damage)
             ... on level 4 of the Dungeon.
             The game lasted 00:02:03 (4179 turns).

kae the Spear-Bearer (Merfolk Gladiator)            Turns: 4179, Time: 00:02:03

Health: -2/56      AC:  4    Str: 17    XL:     7   Next: 51%
Magic:  7/7        EV: 14    Int:  7    God:    Makhleb [......]
Gold:   182        SH:  0    Dex: 15    Spells: 6/6 levels left

rFire    . . .     SeeInvis .   s - +0 halberd
rCold    . . .     Faith    .   (shield currently unavailable)
rNeg     . . .     Spirit   .   b - +0 leather armour
rPois    .         Reflect  .   j - +0 helmet
rElec    .         Harm     .   (no cloak)
rCorr    .         Rampage  .   (no gloves)
MR       .....                  (no boots)
Stlth    +.........             (no amulet)
HPRegen  0.18/turn              (no ring)
MPRegen  0.10/turn              (no ring)

@: no status effects
A: change form in water, swift swim, stealthy swim
a: Renounce Religion


You were on level 4 of the Dungeon.
You worshipped Makhleb.
Makhleb was noncommittal.
You visited 1 branch of the dungeon, and saw 4 of its levels.

You collected 182 gold pieces.

Inventory:

Hand Weapons
 a - a +0 trident
 s - a +0 halberd (weapon)
Missiles
 d - 3 throwing nets (quivered)
Armour
 b - a +0 leather armour (worn)
 j - a +0 helmet (worn)
Jewellery
 f - an uncursed ring of ice {unknown}
 m - an uncursed amulet of regeneration {unknown}
 o - an uncursed ring of see invisible
Scrolls
 e - 4 scrolls of identify {unknown}
 g - a scroll of amnesia {unknown}
 h - 3 scrolls of fear {unknown}
 i - a scroll of noise {unknown}
 k - 2 scrolls of teleportation {unknown}
 n - a scroll of fog {unknown}
 p - a scroll of blinking {unknown}
 r - a scroll of random uselessness {unknown}
Potions
 c - a potion of flight
 l - a potion of lignification {unknown}
 q - 2 potions of haste {unknown}


   Skills:
 + Level 5.3 Fighting
 * Level 10.2 Polearms
 - Level 2.0 Throwing
 - Level 4.0 Dodging


You had 6 spell levels left.
You didn't know any spells.
Your spell library was empty.

Dungeon Overview and Level Annotations

Branches:
Dungeon (4/15)             Temple (0/1) D:4

Altars:
Elyvilon
Makhleb
Uskayaw


Message History

You puncture the ogre!
The ogre is heavily wounded.
The ogre hits you with a +0 giant club.
You hit the ogre.
The ogre is severely wounded.
The ogre hits you with a +0 giant club!!
Ouch! That really hurt!
An ogre is nearby!
You are too injured to fight recklessly!
You are too injured to fight recklessly!
An ogre is nearby!
You are too injured to fight recklessly!
You are too injured to fight recklessly!
An ogre is nearby!
You are too injured to fight recklessly!
You are too injured to fight recklessly!
You puncture the ogre!
The ogre is almost dead.
The ogre hits you with a +0 giant club!!
You die...

......# #######
#.# # #.# # #.# #
# #.#.# # ##.#. #
... # #O#
################@#
.................#
##################
# #########
#.......#
#.......#
#.......#
'.†.....#


You could see an ogre.

Vanquished Creatures
  2 ogres (D:4)
  A scorpion (D:4)
  2 bullfrog skeletons (D:4)
  2 hounds
  3 worker ants
  4 gnolls
  A howler monkey skeleton (D:4)
  6 adders
  5 worms
  4 dart slugs
  5 leopard geckos
  5 giant cockroaches
  16 goblins
  10 hobgoblins
  8 jackals
  2 quokkas
  3 ball pythons
  5 bats
  4 frilled lizards
  9 kobolds
  4 quokka skeletons
  9 rats
110 creatures vanquished.

Notes
Turn   | Place    | Note
-------+----------+-------------------------------------------
     0 | D:1      | kae the Merfolk Gladiator began the quest for the Orb.
     0 | D:1      | Reached XP level 1. HP: 16/16 MP: 1/1
   312 | D:1      | Reached XP level 2. HP: 23/23 MP: 2/2
   323 | D:1      | Reached skill level 5 in Polearms
   615 | D:1      | Reached XP level 3. HP: 24/28 MP: 3/3
  1128 | D:1      | Reached skill level 6 in Polearms
  1335 | D:2      | Reached XP level 4. HP: 34/35 MP: 4/4
  1388 | D:2      | Found a hide-covered altar of Uskayaw.
  2024 | D:3      | Found a burning altar of Makhleb.
  2148 | D:3      | Reached skill level 7 in Polearms
  2148 | D:3      | Reached XP level 5. HP: 42/42 MP: 5/5
  2191 | D:3      | Found a white marble altar of Elyvilon.
  2418 | D:3      | Found a faded altar of an unknown god.
  3038 | D:4      | Noticed an ogre
  3054 | D:3      | Reached skill level 8 in Polearms
  3111 | D:3      | Reached XP level 6. HP: 34/48 MP: 6/6
  3464 | D:4      | Found a staircase to the Ecumenical Temple.
  3474 | D:4      | Reached skill level 9 in Polearms
  3637 | D:4      | Reached skill level 5 in Fighting
  3637 | D:4      | Reached XP level 7. HP: 31/56 MP: 7/7
  3788 | D:3      | Became a worshipper of Makhleb the Destroyer
  4085 | D:4      | Reached skill level 10 in Polearms
  4179 | D:4      | Slain by an ogre

Illustrated notes

Levels and vault maps discovered:
D:1:      dpeg_arrival_tiny_i, layout_basic
D:2:      layout_loops_cross, overflow_temple_1_default
D:3:      layout_loops_corners, elyvilon_altar_4,
          nicolae_overflow_hidden_temple, chequers_ecumenical_altar_twisty
D:4:      layout_basic, minmay_temple_entry_purple_smoke, grunt_ministairs_7

Skill      XL: |  1  2  3  4  5  6  7 |
---------------+----------------------+-----
Polearms       | 5 6 7 8 9 10 | 10.2
Fighting       | 3 4 5 |  5.3
Throwing       | |  2.0
Dodging        | |  4.0

Action                   |  1- 3 |  4- 6 |  7- 9 || total
-------------------------+-------+-------+-------++-------
Melee: Trident           |   127 |   241 |    46 ||   414
       Halberd           |       |       |     9 ||     9
  Use: Potion            |       |     4 |     1 ||     5
 Stab: Sleeping          |     3 |     4 |     1 ||     8
       Distracted        |       |       |     1 ||     1
Armor: Leather armour    |    26 |    39 |     1 ||    66
Dodge: Dodged            |    70 |   149 |    24 ||   243

Table legend: (Time is in decaauts)
 A = Elapsed time spent in this place.
 B = Non-inter-level travel time spent in this place.
 C = Inter-level travel time spent in this place.
 D = Time resting spent in this place.
 E = Time spent auto-exploring this place.
 F = Levels seen in this place.
 G = Mean time per level.
                   A        B        C        D        E       F      G
               +--------+--------+--------+--------+--------+-----+--------+
         Total |   4153 |   4026 |    127 |    248 |   3073 |   4 | 1038.2 |
       Dungeon |   4153 |   4026 |    127 |    248 |   3073 |   4 | 1038.2 |
               +--------+--------+--------+--------+--------+-----+--------+

Top non-repeatable levels by time:
     D:3: 1246 daAuts
     D:1: 1180 daAuts
     D:4: 910 daAuts
     D:2: 815 daAuts
